 Dungeon Crawl Stone Soup version 0.21.1-1-g345015f (webtiles) character file.

175 Mookip the Skirmisher (level 5, -12/69 HPs)
             Began as a Draconian Berserker on May 3, 2018.
             Was a Believer of Trog.
             Killed by divine providence
             ... invoked by an orc priest
              (13 damage)
             ... on level 3 of the Dungeon.
             The game lasted 00:08:05 (2087 turns).

Mookip the Skirmisher (Draconian Berserker)         Turns: 2087, Time: 00:08:06

Health: -12/69     AC:  6    Str: 23 (25) XL:     5   Next: 29%
Magic:  5/5        EV: 13    Int:  7      God:    Trog [**....]
Gold:   157        SH:  0    Dex: 10 (11) Spells: 4/4 levels left

rFire    . . .     SeeInvis .   f - +3 hand axe (venom)
rCold    + . .     Gourm    .   (no shield)
rNeg     . . .     Faith    .   (armour unavailable)
rPois    .         Spirit   .   (helmet restricted)
rElec    .         Reflect  .   (no cloak)
rCorr    .         Harm     .   (no gloves)
MR       .....     Rnd*Rage +   n - +0 pair of boots
Stlth    ..........             (no amulet)
HPRegen  0.21/turn              (no ring)
MPRegen  0.09/turn              (no ring)

@: berserking, very quick
A: unfitting armour, berserk 1, cold resistance 1, mutation resistance 1,
cold-blooded, AC +5
a: Berserk, Trog's Hand, Burn Spellbooks, Renounce Religion


You were on level 3 of the Dungeon.
You worshipped Trog.
Trog was pleased with you.
You were not hungry.

You visited 1 branch of the dungeon, and saw 3 of its levels.

You collected 157 gold pieces.

Inventory:

Hand Weapons
 a - a +0 spear
 f - a +3 hand axe of venom (weapon)
Armour
 e - a +0 shield
 g - a +0 centaur barding
 n - a +0 pair of boots (worn)
Jewellery
 i - an uncursed amulet of rage {unknown}
 l - an uncursed ring of stealth {unknown}
Scrolls
 c - 2 scrolls of amnesia
Potions
 d - a potion of haste
Comestibles
 b - 3 rations


   Skills:
 + Level 3.9 Fighting
 + Level 2.6(3.5) Axes
 + Level 3.7(4.1) Polearms
 + Level 3.7 Dodging
 + Level 1.1 Stealth


You had 4 spell levels left.
You didn't know any spells.

Dungeon Overview and Level Annotations

Branches:
Dungeon (3/15)

Altars:
The Shining One


Innate Abilities, Weirdness & Mutations

Your plain brown scales are hard. (AC +5)
You cannot fit into any form of body armour.
You are cold-blooded and may be slowed by cold attacks.
You tend to lose your temper in combat.
Your flesh is cold resistant. (rC+)
You are somewhat resistant to further mutation.


Message History

Trog accepts your kill.
The orc priest calls down the wrath of Beogh upon you.
Pain shoots through your body!
The orc priest invokes the aid of Beogh against you.
Beogh smites you!
* * * LOW HITPOINT WARNING * * *
The orc priest calls down the wrath of Beogh upon you.
Beogh smites you!
* * * LOW HITPOINT WARNING * * *
The orc priest hits you with a whip.
* * * LOW HITPOINT WARNING * * *
Items here: ( )) [ †† You slash the orc priest!
You kill the orc priest!
Trog accepts your kill.
You feel your dexterity returning.
You slash the orc priest!
The orc priest invokes the aid of Beogh against you.
Beogh smites you!
You die...

. #.. ###...#
########.......
###
#......@)....#
##.##
#..#####o..###
#.#.## #..#
...#
...#.#####..#
.....
##'##.......#
...#...
#8.8######.##
...# .. .....##
#.# ...# %
.....8## #.#
..##
.......###.#


You could see an orc priest.

Vanquished Creatures
  3 orc priests (D:3)
  An adder (D:3)
  A worm (D:2)
  3 dart slugs
  A leopard gecko (D:1)
  7 orcs (D:3)
  5 giant cockroaches
  2 goblins
  6 hobgoblins
  9 jackals
  6 kobolds
  A quokka (D:2)
  3 bats (D:3)
  5 frilled lizards
  5 rats
58 creatures vanquished.

Notes
Turn   | Place    | Note
-------+----------+-------------------------------------------
     0 | D:1      | Mookip the Draconian Berserker began the quest for the Orb.
     0 | D:1      | Reached XP level 1. HP: 19/19 MP: 1/1
   156 | D:1      | Reached XP level 2. HP: 15/26 MP: 2/2
  1164 | D:2      | Found a glowing golden altar of the Shining One.
  1192 | D:2      | Reached XP level 3. HP: 31/31 MP: 3/3
  1200 | D:2      | Reached ** piety under Trog
  1637 | D:3      | Reached skill level 1 in Axes
  1639 | D:3      | Gained mutation: Your flesh is cold resistant. (rC+) [potion of mutation]
  1639 | D:3      | Gained mutation: You tend to lose your temper in combat. [potion of mutation]
  1639 | D:3      | Gained mutation: You are somewhat resistant to further mutation. [potion of mutation]
  1791 | D:3      | Reached XP level 4. HP: 40/40 MP: 4/4
  2075 | D:3      | Reached XP level 5. HP: 45/46 MP: 5/5
  2082 | D:3      | Reached skill level 1 in Stealth
  2086 | D:3      | HP: 1/69 [orc priest/whip (4)]
  2087 | D:3      | Killed from afar by an orc priest

Skill      XL: |  1  2  3  4  5 |
---------------+----------------+-----
Dodging        | 3 |  3.7
Axes           | 1 2 |  2.6
Stealth        | 1 |  1.1
Fighting       | |  3.9
Polearms       | |  3.7

Action                   |  1- 3 |  4- 6 || total
-------------------------+-------+-------++-------
Melee: Spear             |    47 |       ||    47
       Tailslap          |     6 |     3 ||     9
       Hand axe          |    73 |    23 ||    96
Invok: Berserk           |       |     1 ||     1
  Use: Potion            |     5 |       ||     5
       Scroll            |     5 |       ||     5
 Stab: Sleeping          |     2 |       ||     2
       Distracted        |     1 |       ||     1
  Eat: Chunk             |     3 |     1 ||     4
       Ration            |       |     1 ||     1
Armor: Skin              |    33 |     4 ||    37
Dodge: Dodged            |   111 |    19 ||   130
